 Dungeon Crawl Stone Soup version 0.29-a0-266-gf56f883ddd (webtiles) character file.

Game seed: 8689617483911816458

339 Crownlay the Digger (level 6, -3/36 HPs)
             Began as an Octopode Earth Elementalist on Mar 6, 2022.
             Slain by an adder (4 damage)
             ... in a sewer.
             The game lasted 00:05:11 (2726 turns).

Crownlay the Digger (Octopode Earth Elementalist)   Turns: 2726, Time: 00:05:11

Health: -3/36      AC:  1    Str:  8    XL:     6   Next: 55%
Magic:  6/9        EV: 13    Int: 19    God:
Gold:   146        SH:  0    Dex: 12    Spells: 3/9 levels left

rFire   . . .      SeeInvis .   n - staff of earth
rCold   . . .      Faith    .   (no shield)
rNeg    . . .      Spirit   .   (helmet restricted)
rPois   .          Reflect  .   (no amulet)
rElec   .          Harm     .   (no ring)
rCorr   .          Rampage  .   (no ring)
Will    .....                   (no ring)
Stlth   ++++......              (no ring)
HPRegen 0.12/turn               (no ring)
MPRegen 0.11/turn               (no ring)
                                (no ring)
                                (no ring)

@: lethally poisoned (-3 -> -10), hasted, very quick
A: almost no armour, amphibious, 8 rings, camouflage 1, gelatinous body 1,
nimble swimmer 1, tentacles
a: no special abilities


You were in a sewer.
You visited 1 branch of the dungeon, and saw 3 of its levels.
You also visited: Sewer.

You collected 146 gold pieces.

Inventory:

Hand Weapons
 k - a +0 hunting sling
Missiles
 a - 34 stones
Armour
 c - a +1 robe of fire resistance
Magical Staves
 n - a staff of earth (weapon)
Jewellery
 i - a ring of positive energy
Scrolls
 e - a scroll of identify
 h - 3 scrolls of teleportation
 j - a scroll of enchant weapon
 l - a scroll of enchant armour {unknown}
 m - a scroll of blinking {unknown}
Potions
 b - a potion of magic
 d - a potion of lignification {unknown}
 f - a potion of haste
 g - a potion of flight {unknown}
 o - a potion of invisibility {unknown}
 p - a potion of curing {unknown}


   Skills:
 - Level 2.0 Dodging
 - Level 2.6 Stealth
 - Level 2.0 Spellcasting
 - Level 1.0 Transmutations
 + Level 7.2 Earth Magic


You had 3 spell levels left.
You knew the following spells:

 Your Spells              Type           Power      Damage    Failure   Level
a - Sandblast             Erth           86%        2d18      1%          1
b - Passwall              Tmut/Erth      21%        N/A       4%          2
c - Stone Arrow           Conj/Erth      46%        3d9       12%         3

Your spell library contained the following spells:

 Spells                   Type           Power      Damage    Failure   Level
 Magic Dart               Conj           4%         1d3       17%         1
 Call Imp                 Summ           1%         N/A       26%         2
 Mephitic Cloud           Conj/Pois/Air  1%         N/A       45%         3
 Petrify                  Tmut/Erth      26%        N/A       30%         4
 Summon Lightning Spire   Summ/Air       1%         N/A       86%         4
 Storm Form               Tmut/Air       1%         N/A       100%        7
 Dragon's Call            Summ           0%         N/A       100%        9


Dungeon Overview and Level Annotations

Branches:
Dungeon (3/15)              Sewer (1/1)

Altars:
Yredelemnul

Shops:
D:2 [


Innate Abilities, Weirdness & Mutations

You cannot wear most types of armour.
You are amphibious.
You can wear up to eight rings at the same time.
Your skin changes colour to match your surroundings (Stealth+).
Your rubbery body absorbs attacks. (AC +1, EV +1)
You are camouflaged when in or above water. (Stealth+)
You have tentacles for arms and can constrict up to eight enemies at once.


Message History

The ball python bites you but does no damage.
The ball python closely misses you. The adder barely misses you.
The adder closely misses you. The ball python misses you.
The ball python barely misses you. The adder bites you.
Casting: Sandblast (safe; 1% risk of failure)
Confirm with . or Enter, or press ? or * to list all spells.
Aiming: Sandblast (safe; 1% risk of failure)
Press: ? - help, Shift-Dir - straight line, f/p - ball python
Aim: a ball python (81% to hit)
You feel a surge of power!
The blast of sand hits the ball python!!
You kill the ball python!
The adder misses you. The adder closely misses you. The adder bites you.
The ball python closely misses you. The ball python grabs you.
The ball python constricts you.
Casting: Sandblast (safe; 1% risk of failure)
Confirm with . or Enter, or press ? or * to list all spells.
Aiming: Sandblast (safe; 1% risk of failure)
Press: ? - help, Shift-Dir - straight line, f - ball python
Aim: a ball python (constricting you, 81% to hit)
You feel a surge of power!
The blast of sand hits the ball python!!
You kill the ball python!
The frilled lizard hisses angrily.
The adder completely misses you. The adder bites you.
* * * LOW HITPOINT WARNING * * *
You are poisoned.
The adder poisons you! The adder bites you.
* * * LOW HITPOINT WARNING * * *
The adder bites you.
* * * LOW HITPOINT WARNING * * *
The adder bites you.
* * * LOW HITPOINT WARNING * * *
You are more poisoned.
The adder poisons you!
It was a potion of haste.
You feel yourself speed up.
* * * LOW HITPOINT WARNING * * *
You feel very sick. The adder barely misses you. The adder bites you.
You die...

#.........#..†....
##......##'##......
#......##..###.....
#..≈..###..# ##≈...
#≈≈≈≈≈≈##### #≈≈≈†≈
#≈≈≈≈≈≈# #≈≈≈≈≈
#≈≈≈≈≈≈# #≈≈≈≈≈
#≈≈≈≈≈≈# #≈≈≈≈≈
#≈@†≈≈≈# #≈≈≈≈≈
#SSS≈≈≈# ##≈≈≈.
#FF#≈≈≈# #≈...≈
#SS≈≈≈≈# #≈≈.≈≈
#≈.≈≈≈≈# #≈≈≈≈≈
#≈≈≈≈≈≈# #≈≈≈≈≈
#l≈≈≈≈≈# #≈≈≈≈≈
#S≈≈≈≈≈# #≈≈≈≈≈
#≈≈≈≈≈≈# #≈≈≈≈≈


You could see 2 bullfrogs, 3 adders, 3 ball pythons and a frilled lizard.

Vanquished Creatures
  A black bear (D:2)
  A hound (D:3)
  A jelly (D:3)
  7 adders
  6 river rats (Sewer)
  A worm (D:3)
  A dart slug (D:1)
  2 bats
  An endoplasm (D:3)
  2 giant cockroaches
  3 goblins
  6 hobgoblins
  14 ball pythons
  4 frilled lizards
  4 kobolds
  28 rats
82 creatures vanquished.

Vanquished Creatures (others)
  2 plants (D:3)
2 creatures vanquished.

Grand Total: 84 creatures vanquished

Notes
Turn   | Place    | Note
-------+----------+-------------------------------------------
     0 | D:1      | Crownlay the Octopode Earth Elementalist began the quest
                  | for the Orb.
     0 | D:1      | Reached XP level 1. HP: 11/11 MP: 3/3
   262 | D:1      | Found a faded altar of an unknown god.
   262 | D:1      | Noticed a Brimstone Fiend
   339 | D:1      | Reached XP level 2. HP: 15/17 MP: 5/5
  1154 | D:2      | Reached skill level 4 in Earth Magic
  1202 | D:2      | Reached XP level 3. HP: 21/21 MP: 2/6
  1210 | D:2      | Learned a level 2 spell: Passwall
  1214 | D:2      | Learned a level 3 spell: Stone Arrow
  1256 | D:2      | Found a basalt altar of Yredelemnul.
  1329 | D:2      | Found Teuhetou's Antique Armour Emporium.
  1353 | D:2      | Noticed a black bear
  1362 | D:2      | Killed a black bear
  1363 | D:2      | Reached skill level 5 in Earth Magic
  1363 | D:2      | Reached XP level 4. HP: 27/27 MP: 3/7
  1363 | D:2      | Reached XP level 5. HP: 31/31 MP: 3/8
  1757 | D:3      | Got Sif Muna's Guide on Supportive Changing
  1811 | D:3      | Reached skill level 6 in Earth Magic
  1840 | D:3      | Found a glowing drain.
  1845 | D:3      | Reached XP level 6. HP: 22/36 MP: 4/9
  1867 | Sewer    | Entered a sewer
  2367 | Sewer    | Reached skill level 7 in Earth Magic
  2726 | Sewer    | HP: 1/36 [poisoned by an adder]
  2726 | Sewer    | Slain by an adder

Illustrated notes

Levels and vault maps discovered:
D:1:      dpeg_arrival_three_smaller_balls, layout_basic,
          dreamdust_ecumenical_altar_sealed_demon
D:2:      layout_basic, serial_shops, shop, basic_altar
D:3:      layout_loops_ring, tgw_kikubaaqudgha, cheibrodos_sewer_entry_sluice,
          chequers_big_river, minmay_distorted, uniq_jessica
Sewer:    sewer_minmay_w

Skill      XL: |  1  2  3  4  5  6 |
---------------+-------------------+-----
Earth Magic    | 4 5 6 7 |  7.2
Dodging        | |  2.0
Stealth        | |  2.6
Spellcasting   | |  2.0
Transmutations | |  1.0

Action                   |  1- 3 |  4- 6 || total
-------------------------+-------+-------++-------
Melee: Hand axe          |    21 |       ||    21
       Constrict         |     9 |    27 ||    36
       Tentacles         |     5 |    27 ||    32
       Unarmed           |     2 |       ||     2
       Staff             |       |    96 ||    96
 Fire: Hunting sling     |    11 |       ||    11
 Cast: Sandblast         |     9 |    20 ||    29
       Stone Arrow       |       |     1 ||     1
  Use: Scroll            |       |     3 ||     3
       Potion            |       |     1 ||     1
 Stab: Sleeping          |     5 |     7 ||    12
Armor: Skin              |     4 |     9 ||    13
Dodge: Dodged            |    19 |    93 ||   112

Table legend: (Time is in decaauts)
 A = Elapsed time spent in this place.
 B = Non-inter-level travel time spent in this place.
 C = Inter-level travel time spent in this place.
 D = Time resting spent in this place.
 E = Time spent auto-exploring this place.
 F = Levels seen in this place.
 G = Mean time per level.
                   A        B        C        D        E       F      G
               +--------+--------+--------+--------+--------+-----+--------+
         Total |   2753 |   2652 |    101 |     91 |   1887 |   4 |  688.2 |
       Dungeon |   1878 |   1777 |    101 |      0 |   1315 |   3 |  626.0 |
         Sewer |    875 |    875 |      0 |     91 |    572 |   1 |  875.0 |
               +--------+--------+--------+--------+--------+-----+--------+

Top non-repeatable levels by time:
     D:1: 1041 daAuts
   Sewer: 875 daAuts
     D:2: 617 daAuts
     D:3: 219 daAuts
